 Dungeon Crawl Stone Soup version 0.20.0-15-g7f486f2 (webtiles) character file.

51392 Haldmier the Nimble (level 14, -5/83 HPs)
             Began as a Deep Elf Fire Elementalist on June 26, 2017.
             Was an Elder of Vehumet.
             Slain by a basilisk (6 damage)
             ... on level 5 of the Lair of Beasts.
             The game lasted 01:48:15 (18797 turns).

Haldmier the Nimble (Deep Elf Fire Elementalist)   Turns: 18797, Time: 01:48:16

Health: -5/83      AC:  9    Str: 15    XL:     14   Next: 23%
Magic:  9/29       EV:  2    Int: 26    God:    Vehumet [****..]
Gold:   679        SH:  0    Dex: 15    Spells: 2/31 levels left

rFire    + . .     SeeInvis .   j - staff of earth
rCold    x . .     Gourm    .   J - +0 large shield of the Catamount {Str+10 Slay+3}
rNeg     + + +     Faith    .   R - +0 steam dragon scales
rPois    ∞         Spirit   .   (no helmet)
rElec    .         Reflect  .   (no cloak)
rCorr    +         Harm     .   Z - +0 pair of gloves
MR       +....                  r - +2 pair of boots
Stlth    ++........             (no amulet)
Regen    0.3/turn               X - ring of resist corrosion
MPRegen  0.3/turn               s - ring of fire

@: petrified
A: no striking features
a: Renounce Religion


You were on level 5 of the Lair of Beasts.
You worshipped Vehumet.
Vehumet was greatly pleased with you.
You were not hungry.

You visited 3 branches of the dungeon, and saw 16 of its levels.
You also visited: Ice Cave.

You collected 870 gold pieces.
You spent 191 gold pieces at shops.

Inventory:

Hand Weapons
 f - a +2 vampiric short sword
 t - a +1 trident of flaming
 P - a +0 falchion of draining
Missiles
 L - 2 throwing nets
 M - 7 javelins of penetration (quivered)
Armour
 r - a +2 pair of boots (worn)
 J - the +0 large shield of the Catamount (worn) {Str+10 Slay+3}
   (You found it on level 7 of the Dungeon)

   It affects your strength (+10).
   It affects your accuracy and damage with ranged weapons and melee attacks
   (+3).
 R - +0 steam dragon scales (worn)
 Z - a +0 pair of gloves (worn)
Magical Staves
 j - an uncursed staff of earth (weapon)
 z - an uncursed staff of cold
Jewellery
 s - a ring of fire (right hand)
 G - an uncursed ring of protection from fire
 X - a ring of resist corrosion (left hand)
Wands
 e - a wand of digging (8/24)
 D - a wand of flame (14/48)
 H - a wand of lightning (8/15)
 K - a wand of iceblast (8/15)
 O - a wand of confusion (2/48)
 Q - a wand of iceblast (7/15)
 V - a wand of acid (8/15)
Scrolls
 g - 4 scrolls of blinking
 o - 3 scrolls of teleportation
 v - a scroll of torment {unknown}
 x - a scroll of fog
 y - 4 scrolls of enchant weapon
 E - 6 scrolls of remove curse
 N - 8 scrolls of amnesia
 U - 3 scrolls of fear
 Y - a scroll of identify
Potions
 d - 2 potions of lignification
 h - 5 potions of flight
 i - 2 potions of curing
 k - 2 potions of resistance
 l - 6 potions of heal wounds
 m - 2 potions of haste
 q - 3 potions of might
 u - 2 potions of agility
 A - a potion of mutation
 C - a potion of magic
 S - a potion of brilliance
Books
 a - a book of Transfigurations

   Spells                             Type                      Level
   a - Irradiate                      Conjuration/Transmutation    5
   b - Statue Form                    Transmutation/Earth          6
   c - Hydra Form                     Transmutation                6
   d - Dragon Form                    Transmutation                7
 b - a book of Flames

   Spells                             Type                      Level
   a - Flame Tongue                   Conjuration/Fire             1
   b - Throw Flame                    Conjuration/Fire             2
   c - Conjure Flame                  Conjuration/Fire             3
   d - Inner Flame                    Hexes/Fire                   3
   e - Sticky Flame                   Conjuration/Fire             4
   f - Fireball                       Conjuration/Fire             5
 I - a book of Misfortune

   Spells                             Type                      Level
   a - Confusing Touch                Hexes                        1
   b - Confuse                        Hexes                        3
   c - Gell's Gravitas                Translocation                3
   d - Petrify                        Transmutation/Earth          4
   e - Metabolic Englaciation         Hexes/Ice                    5
   f - Yara's Violent Unravelling     Hexes/Transmutation          5
 W - a book of the Earth

   Spells                             Type                      Level
   a - Leda's Liquefaction            Hexes/Earth                  4
   b - Bolt of Magma                  Conjuration/Fire/Earth       5
   c - Statue Form                    Transmutation/Earth          6
   d - Iron Shot                      Conjuration/Earth            6
   e - Shatter                        Earth                        9
Miscellaneous
 T - a phial of floods
Comestibles
 c - 6 bread rations
 n - 7 meat rations
 p - 5 chunks of flesh
 w - 18 fruits
 B - 20 royal jellies


   Skills:
 - Level 7.6 Fighting
 - Level 13.1 Dodging
 - Level 2.4 Stealth
 * Level 7.2 Shields
 - Level 9.0 Spellcasting
 - Level 11.9 Conjurations
 - Level 12.4 Fire Magic
 - Level 5.0 Air Magic
 + Level 1.3 Evocations


You had 2 spell levels left.
You knew the following spells:

 Your Spells              Type           Power        Failure   Level  Hunger
a - Flame Tongue          Conj/Fire      #####        1%          1    None
b - Throw Flame           Conj/Fire      ######       1%          2    None
c - Conjure Flame         Conj/Fire      #######.     1%          3    None
d - Sticky Flame          Conj/Fire      #######.     1%          4    #......
e - Fireball              Conj/Fire      #######...   2%          5    ####...
f - Inner Flame           Hex/Fire       ######..     3%          3    None
g - Mephitic Cloud        Conj/Pois/Air  #####...     4%          3    None
h - Ignite Poison         Fire/Tmut/Pois #####...     8%          3    None
i - Bolt of Magma         Conj/Fire/Erth #######...   13%         5    ####...


Dungeon Overview and Level Annotations

Branches:
Dungeon (10/15)            Temple (1/1) D:5            Lair (5/6) D:9
 Shoals (0/4) Lair:2       Spider (0/4) Lair:4        Slime (0/5) Lair:5
    Orc (0/2) D:10

Altars:
Ashenzari
Cheibriados
Dithmenos
Elyvilon
Fedhas
Gozag
Hepliaklqana
Kikubaaqudgha
Makhleb
Nemelex Xobeh
Okawaru
Qazlal
Ru
Sif Muna
Trog
Uskayaw
Vehumet
Xom
Yredelemnul
Zin
The Shining One

Shops:
D:5 !!


Message History

The elephant tramples you but does no damage.
The elephant trunk-slaps you.
* * * LOW HITPOINT WARNING * * *
The basilisk gazes at you. You resist with almost no effort.
The elephant tramples you.
* * * LOW HITPOINT WARNING * * *
You hold your ground!
The elephant trunk-slaps you.
The basilisk bites you but does no damage.
The elephant tramples you!
* * * LOW HITPOINT WARNING * * *
You hold your ground!
The elephant trunk-slaps you. The basilisk gazes at you.
You resist with almost no effort. The elephant tramples you!
* * * LOW HITPOINT WARNING * * *
You hold your ground!
The elephant trunk-slaps you but does no damage.
The basilisk bites you!
You die...

***,,,,,,*,,##.###### *###...####
,,,,,,,,,,,,........####.....'.##
*,*,*,,,,,*,,*#.PP.........P.#...
*,,*,,,*******####..÷#.......'.##
,,,,,,,,* ##P.#........#####
,,,<,,,** ##...l....#..#.# #
,,,,,,,*** #.#†...........####
,,,**,,,,* ##Y#..#..#÷.P.###..
,,***,,*** #@l.P#....<.#.#**#
,,*,,,,,* ##....#....#### ##
,,,,,,,** *##..##......####P
,,,,,,,,* *****P...#P.......##..
,,,,,,,,****,**,...........#....P
,,,,,,,,,,,,,,,,....P#...........
,,,,,,,,,,,,,,,,,#..###..P...#.#.
,,,,,***,*,****,,.###.##.........
,,,,,* ***** *,,,,,#....#........


You could see an elephant and a basilisk.

Vanquished Creatures
  A frost giant (IceCv)
  A catoblepas (Lair:3)
  A hydra (Lair:2)
  3 two-headed ogres
  3 death yaks (Lair:2)
  2 unseen horrors (D:10)
  An orb spider (Lair:4)
  5 elephants (Lair:5)
  Joseph (D:8)
  2 ice statues (IceCv)
  6 spiny frogs
  A torpor snail (Lair:3)
  5 komodo dragons
  2 ice devils (Lair:5)
  A queen bee (D:9)
  16 polar bears (IceCv)
  4 hippogriffs
  5 blink frogs (Lair:4)
  2 basilisks
  38 yaks
  A human (D:7)
  3 steam dragons
  3 hogs (D:7)
  A soldier ant (D:10)
  12 water moccasins
  4 porcupines
  5 orc warriors
  A necrophage (D:10)
  2 black bears
  6 ice beasts
  A sky beast (D:7)
  3 ogres
  3 centaurs
  10 wolves (IceCv)
  5 crocodiles
  A big kobold (D:9)
  20 bullfrogs
  A scorpion (D:5)
  A water moccasin zombie (D:8)
  25 killer bees (D:9)
  4 howler monkeys
  6 crimson imps
  4 centaur skeletons
  A quasit (D:5)
  7 hounds
  5 orc priests
  3 jellies
  Jessica (D:3)
  2 iguanas
  4 hell rats (Lair:5)
  7 worker ants
  Ijyb (D:5)
  8 orc wizards
  Terence (D:2)
  A hound zombie (D:10)
  3 hound skeletons
  A howler monkey zombie (D:8)
  3 gnolls (D:7)
  8 adders
  2 shadow imps
  2 oozes
  An adder skeleton (D:5)
  An adder zombie (D:8)
  5 worms
  4 dart slugs
  8 leopard geckos
  33 orcs
  4 giant cockroaches
  7 hobgoblins
  11 jackals
  4 quokkas
  10 bats
  3 frilled lizards
  6 goblins
  13 kobolds
  A leopard gecko skeleton (D:8)
  A quokka zombie (D:6)
  15 rats
409 creatures vanquished.

Vanquished Creatures (others)
  An ice beast (D:9)
  A howler monkey zombie (D:9)
  A quokka (D:9)
  6 fungi
  2 plants (Lair:4)
11 creatures vanquished.

Grand Total: 420 creatures vanquished

Notes
Turn   | Place    | Note
-------+----------+-------------------------------------------
     0 | D:1      | Haldmier the Deep Elf Fire Elementalist began the quest for the Orb.
     0 | D:1      | Reached XP level 1. HP: 10/10 MP: 6/6
   293 | D:1      | Reached XP level 2. HP: 15/15 MP: 0/8
   642 | D:1      | Learned a level 2 spell: Throw Flame
   800 | D:1      | Reached XP level 3. HP: 15/19 MP: 6/9
   939 | D:1      | Learned a level 3 spell: Conjure Flame
  1259 | D:2      | Reached skill level 3 in Dodging
  1507 | D:2      | Reached XP level 4. HP: 24/24 MP: 8/11
  1513 | D:2      | Learned a level 4 spell: Sticky Flame
  1704 | D:2      | Noticed Terence
  1741 | D:2      | Killed Terence
  2234 | D:3      | Noticed Jessica
  2236 | D:3      | Killed Jessica
  2236 | D:3      | Reached XP level 5. HP: 28/28 MP: 10/13
  3141 | D:3      | Found a hazy altar of Hepliaklqana.
  3194 | D:4      | Noticed an ogre
  3258 | D:4      | Noticed an ogre
  3268 | D:4      | Killed an ogre
  3268 | D:4      | Reached skill level 4 in Dodging
  3268 | D:4      | Reached skill level 5 in Spellcasting
  3268 | D:4      | Reached XP level 6. HP: 32/32 MP: 6/15
  3513 | D:4      | Found a snail-covered altar of Cheibriados.
  3513 | D:4      | Found a bloodstained altar of Trog.
  3552 | D:4      | Reached skill level 5 in Fire Magic
  4172 | D:4      | Reached XP level 7. HP: 30/36 MP: 10/17
  4438 | D:5      | Entered Level 5 of the Dungeon
  4495 | D:5      | Found a burning altar of Makhleb.
  4691 | D:4      | Reached skill level 5 in Dodging
  4889 | D:5      | Noticed Ijyb
  4905 | D:5      | Killed Ijyb
  4954 | D:5      | Found Siath's Distillery.
  4969 | D:5      | Reached skill level 1 in Fighting
  5066 | D:5      | Bought 2 potions of curing for 66 gold pieces
  5066 | D:5      | Bought a potion of lignification for 33 gold pieces
  5066 | D:5      | Bought a potion of might for 44 gold pieces
  5066 | D:5      | Bought a potion of flight for 33 gold pieces
  5101 | D:5      | Found Gadal's Distillery.
  5223 | D:5      | Reached XP level 8. HP: 37/44 MP: 20/20
  5275 | D:5      | Bought a potion of degeneration for 15 gold pieces
  5376 | D:5      | Found a staircase to the Ecumenical Temple.
  5399 | Temple   | Entered the Ecumenical Temple
  5419 | Temple   | Became a worshipper of Vehumet
  5825 | D:6      | Found a hide-covered altar of Uskayaw.
  6016 | D:6      | Reached skill level 5 in Conjurations
  6036 | D:6      | Reached skill level 6 in Dodging
  6949 | D:7      | Got a translucent large shield
  7073 | D:7      | Learned a level 5 spell: Fireball
  7077 | D:7      | Learned a level 3 spell: Inner Flame
  7110 | D:7      | Reached XP level 9. HP: 49/50 MP: 19/23
  7113 | D:7      | Reached skill level 7 in Dodging
  7157 | D:7      | Reached * piety under Vehumet
  7157 | D:7      | Offered knowledge of Shock by Vehumet.
  7574 | D:8      | Noticed a two-headed ogre
  7586 | D:8      | Reached skill level 8 in Dodging
  7852 | D:8      | Killed a two-headed ogre
  7897 | D:8      | Noticed a two-headed ogre
  7906 | D:8      | Killed a two-headed ogre
  7906 | D:8      | Reached skill level 9 in Dodging
  7906 | D:8      | Reached XP level 10. HP: 33/56 MP: 20/25
  8279 | D:8      | Offered knowledge of Sting by Vehumet.
  8286 | D:8      | Reached ** piety under Vehumet
  8442 | D:8      | Noticed Joseph
  8453 | D:8      | Killed Joseph
  9079 | D:9      | Reached skill level 10 in Dodging
  9270 | D:9      | Offered knowledge of Static Discharge by Vehumet.
  9389 | D:9      | Reached skill level 10 in Fire Magic
  9694 | D:9      | You fall through a shaft!
  9694 | D:10     | Entered Level 10 of the Dungeon
  9792 | D:10     | Reached *** piety under Vehumet
 10078 | D:10     | Reached XP level 11. HP: 55/60 MP: 15/26
 10196 | D:10     | Found a staircase to the Orcish Mines.
 10262 | D:10     | Noticed an unseen horror
 10266 | D:10     | Killed an unseen horror
 10277 | D:10     | Noticed an unseen horror
 10279 | D:10     | Killed an unseen horror
 10279 | D:10     | Reached skill level 11 in Dodging
 10279 | D:10     | Reached skill level 10 in Conjurations
 10804 | D:10     | Offered knowledge of Mephitic Cloud by Vehumet.
 10816 | D:10     | Learned a level 3 spell: Mephitic Cloud
 11280 | D:9      | Reached skill level 1 in Air Magic
 11376 | D:9      | Noticed a two-headed ogre
 11400 | D:9      | Killed a two-headed ogre
 11638 | D:9      | Reached **** piety under Vehumet
 12243 | D:9      | Found a staircase to the Lair.
 12376 | Lair:1   | Entered Level 1 of the Lair of Beasts
 12846 | Lair:1   | Reached skill level 12 in Dodging
 13130 | Lair:1   | Offered knowledge of Ignite Poison by Vehumet.
 13139 | Lair:1   | Learned a level 3 spell: Ignite Poison
 13424 | Lair:2   | Found a staircase to the Shoals.
 13668 | Lair:2   | Noticed a seven-headed hydra
 13668 | Lair:2   | Noticed a death yak
 13668 | Lair:2   | Noticed a death yak
 13707 | Lair:2   | Killed a seven-headed hydra
 13707 | Lair:2   | Reached XP level 12. HP: 26/64 MP: 20/27
 14155 | Lair:2   | Noticed a death yak
 14170 | Lair:2   | Killed a death yak
 14174 | Lair:2   | Killed a death yak
 14183 | Lair:2   | Killed a death yak
 14712 | Lair:3   | Found a shadowy altar of Dithmenos.
 14962 | Lair:3   | Noticed a catoblepas
 14989 | Lair:3   | Killed a catoblepas
 15049 | Lair:3   | Reached skill level 5 in Air Magic
 15206 | Lair:3   | Reached skill level 13 in Dodging
 15722 | Lair:3   | Reached XP level 13. HP: 76/76 MP: 28/28
 15879 | Lair:4   | Learned a level 5 spell: Bolt of Magma
 15879 | Lair:4   | Found a hole to the Spider Nest.
 16189 | Lair:4   | Identified the cursed +0 large shield of the Catamount {Str+10 Slay+3} (You found it on level 7 of the Dungeon)
 16460 | Lair:4   | Reached skill level 1 in Shields
 16871 | Lair:5   | Found a frozen archway.
 16938 | IceCv    | Entered an ice cave
 17181 | IceCv    | Reached XP level 14. HP: 54/83 MP: 19/29
 17558 | IceCv    | Reached skill level 5 in Shields
 17680 | IceCv    | Reached ***** piety under Vehumet
 17857 | IceCv    | Offered knowledge of Lee's Rapid Deconstruction by Vehumet.
 18120 | IceCv    | Noticed a frost giant
 18156 | IceCv    | Killed a frost giant
 18547 | IceCv    | Got an iridescent great mace
 18754 | Lair:5   | Reached skill level 1 in Evocations
 18797 | Lair:5   | HP: 1/83 [elephant (4)]
 18797 | Lair:5   | Slain by a basilisk

Skill      XL: |  1  2  3  4  5  6  7  8  9 10 11 12 13 14 |
---------------+-------------------------------------------+-----
Fire Magic     | 4 5 6 8 10 11 12 | 12.4
Conjurations   | 2 3 4 6 8 9 11 | 11.9
Dodging        | 3 4 5 6 9 10 12 13 | 13.1
Spellcasting   | 4 5 6 8 9 |  9.0
Fighting       | 1 3 7 |  7.6
Air Magic      | 4 5 |  5.0
Shields        | 4 7 |  7.2
Evocations     | 1 |  1.3
Stealth        | |  2.4

Action                   |  1- 3 |  4- 6 |  7- 9 | 10-12 | 13-15 || total
-------------------------+-------+-------+-------+-------+-------++-------
Melee: Unarmed           |     1 |       |       |       |       ||     1
       Trident           |    24 |    95 |   242 |   157 |    25 ||   543
       Staff             |       |       |       |       |    53 ||    53
 Cast: Flame Tongue      |    82 |    88 |    97 |   261 |    70 ||   598
       Conjure Flame     |     5 |    17 |    25 |    18 |    15 ||    80
       Throw Flame       |     2 |     9 |    17 |    41 |     7 ||    76
       Sticky Flame      |       |     1 |    25 |    64 |    55 ||   145
       Fireball          |       |       |       |    18 |    15 ||    33
       Inner Flame       |       |       |       |     6 |       ||     6
       Bolt of Magma     |       |       |       |       |     1 ||     1
  Use: Scroll            |       |     4 |    13 |     7 |     2 ||    26
       Potion            |       |       |     1 |     2 |     4 ||     7
  Eat: Chunk             |     2 |    10 |    14 |    25 |    11 ||    62
       Royal jelly       |       |       |       |     2 |     1 ||     3
Armor: Robe              |     7 |     3 |    39 |     7 |       ||    56
       Steam dragon scal |       |       |       |    39 |    28 ||    67
Dodge: Dodged            |    27 |    14 |   114 |   242 |   115 ||   512
Block: Large shield      |       |       |       |       |   104 ||   104
